AoeStats
← ZombieDaleEarnhardt

Arena

509289393Analyzed
1v1 RM · 7d ago on Sep 26, 2026· 131m 50s· 2 players
Game mode
Random Map
Map size
Tiny (2 player)
Population
200
Speed
Normal
Resources
Standard
Victory
Conquest
Starting age
Dark Age
Ending age
Imperial Age
RankedLock teamsTeams togetherTeam positionsShared explorationLock speedFull tech treeHidden civsTurbo modeCheats
Victory
Defeat
🇨🇳 Teutons · China
895
+18
🇺🇸 Portuguese · United States
942
-18
284259989
8:28 Loom
11:16 Feudal Age
15:56 Castle Age
14:22 Double-Bit Axe
15:57 Bloodlines
23:39 Fervor
23:50 Sanctity
25:02 Town Watch
26:23 Wheelbarrow
28:44 Bow Saw
33:36 Imperial Age
31:34 Gold Mining
31:34 Stone Mining
32:13 Forging
32:08 Scale Barding Armor
34:00 Redemption
35:08 Conscription
34:11 Cavalier
36:43 Block Printing
38:20 Hand Cart
37:27 Paladin
38:45 Chain Barding Armor
39:00 Iron Casting
39:00 Scale Mail Armor
39:47 Crenellations
41:02 Chemistry
40:12 Fortified Wall
40:23 Ballistics
41:06 Plate Barding Armor
41:23 Town Patrol
41:41 Chain Mail Armor
42:26 Blast Furnace
42:03 Arrowslits
42:24 Siege Engineers
42:59 Guard Tower
43:20 Masonry
43:24 Guilds
45:13 Plate Mail Armor
44:35 Heated Shot
48:24 Padded Archer Armor
48:15 Fletching
49:34 Keep
50:44 Theocracy
50:12 Horse Collar
51:37 Two-Man Saw
50:23 Pikeman
51:03 Squires
50:48 Gambesons
50:49 Arson
51:21 Leather Archer Armor
51:01 Bodkin Arrow
51:36 Heavy Plow
51:46 Stone Mining
53:31 Halberdier
55:45 Onager
57:09 Siege Onager
58:44 Heavy Scorpion
59:22 Man-at-Arms
60:05 Long Swordsman
62:19 Elite Skirmisher
67:23 Bombard Tower
67:35 Ring Archer Armor
72:30 Capped Ram
74:07 Hoardings
73:53 Ironclad
72:53 Elite Teutonic Knight
126:47 Spies/Treason
ZombieDaleEarnhardt
0:28 Loom
1:54 Loom
2:22 Loom
2:55 Loom
13:35 Feudal Age
14:52 Horse Collar
15:30 Town Watch
18:49 Castle Age
18:14 Stone Mining
18:18 Gold Mining
19:38 Double-Bit Axe
20:37 Bow Saw
23:59 Fletching
28:24 Wheelbarrow
30:59 Ballistics
35:14 Imperial Age
33:48 Bodkin Arrow
35:16 Fortified Wall
35:18 Husbandry
37:09 Chemistry
38:01 Bracer
38:02 Padded Archer Armor
41:27 Bloodlines
42:11 Arquebus
44:42 Leather Archer Armor
49:47 Siege Engineers
50:03 Bombard Tower
49:59 Light Cavalry
51:29 Hand Cart
57:18 Pikeman
59:00 Forging
59:21 Ring Archer Armor
60:10 Halberdier
62:17 Iron Casting
61:49 Scale Barding Armor
61:58 Scale Mail Armor
70:39 Conscription
72:04 Chain Barding Armor
72:45 Blast Furnace
74:13 Plate Barding Armor
73:27 Cavalier
76:58 Elite Skirmisher
79:45 Elite Skirmisher
84:04 Town Patrol
99:20 Chain Mail Armor
104:55 Masonry
104:40 Murder Holes
114:04 Arson
118:03 Guilds
124:24 Plate Mail Armor
Connection lost

Rejoining the realm…

Still unreachable

The connection could not be restored.

Session expired

The server has moved on; the page needs a fresh start.